 Dungeon Crawl Stone Soup version 0.29.1-15-g9cfb28693d (webtiles) character file.

Game seed: 4981963134529411320

84 zeram the Chopper (level 4, 0/40 HPs)
             Began as a Hill Orc Fighter on Mar 18, 2023.
             Slain by Sigmund
             ... wielding a +0 scythe
              (6 damage)
             ... on level 3 of the Dungeon.
             The game lasted 00:02:53 (2025 turns).

zeram the Chopper (Hill Orc Fighter)                Turns: 2025, Time: 00:02:54

Health: 0/40       AC:  7    Str: 20    XL:     4   Next: 45%
Magic:  4/4        EV:  9    Int:  8    God:
Gold:   161        SH:  4    Dex: 10    Spells: 0/3 levels left

rFire   . . .      SeeInvis .   a - +0 war axe
rCold   . . .      Faith    .   c - +0 buckler
rNeg    . . .      Spirit   .   b - +0 scale mail
rPois   .          Reflect  .   (no helmet)
rElec   .          Harm     .   h - scarf {+Inv}
rCorr   .          Rampage  .   (no gloves)
Will    .....                   (no boots)
Stlth   ..........              (no amulet)
HPRegen 0.13/turn               (no ring)
MPRegen 0.09/turn               (no ring)

@: no status effects
A: no striking features
a: Evoke Invisibility


You were on level 3 of the Dungeon.
You visited 1 branch of the dungeon, and saw 3 of its levels.

You collected 161 gold pieces.

Inventory:

Hand Weapons
 a - a +0 war axe (weapon)
Missiles
 n - a throwing net (quivered)
Armour
 b - a +0 scale mail (worn)
 c - a +0 buckler (worn)
 h - a scarf of invisibility (worn)
Jewellery
 l - a ring of ice
 m - a ring of poison resistance
Scrolls
 g - 2 scrolls of butterflies
 j - a scroll of noise
 k - a scroll of blinking
 o - a scroll of immolation {unknown}
Potions
 d - a potion of might
 e - a potion of degeneration {unknown}
 f - a potion of mutation
 i - 2 potions of curing
 p - a potion of berserk rage {unknown}


   Skills:
 + Level 4.2 Fighting
 + Level 4.4 Axes
 + Level 3.9 Armour
 + Level 0.5 Dodging
 + Level 3.5 Shields


You couldn't memorise any spells.
You knew the following spells:

 Your Spells              Type           Power      Damage    Failure   Level
a - Vampiric Draining     Necr           0%         2d6       99%         3

Your spell library contained the following spells:

 Spells                   Type           Power      Damage    Failure   Level
 Slow                     Hex            0%         N/A       85%         1
 Confusing Touch          Hex            0%         N/A       99%         3


Dungeon Overview and Level Annotations

Branches:
Dungeon (3/15)

Altars:

Shops:
D:1 =   D:3 [

Annotations:
D:3 Sigmund


Message History

The sling bullet hits you but does no damage.
Something hits you but does no damage.
The goblin shoots a sling bullet.
You barely miss something.
The goblin shoots a sling bullet.
The sling bullet barely misses you. Something hits you!
You closely miss something.
The goblin shoots a sling bullet.
The sling bullet hits you.
You hit something. Something hits you.
The goblin shoots a sling bullet.
The sling bullet closely misses you.
The goblin shoots a sling bullet.
The sling bullet barely misses you.
You are too injured to fight recklessly!
You are too injured to fight recklessly!
You are too injured to fight recklessly!
You are too injured to fight recklessly!
You barely miss something. You block something's attack.
The goblin shoots a sling bullet.
The sling bullet misses you.
You closely miss something.
You hear some strange, mumbled words.
A puff of flame appears from out of thin air!
The puff of flame hits you.
The goblin shoots a sling bullet.
The sling bullet hits you but does no damage.
Something hits you.
* * * LOW HITPOINT WARNING * * *
The goblin unwields a +0 sling.
The goblin wields a +0 dagger.
You block the goblin's attack.
You feel better. You block the goblin's attack. Something hits you.
You slash the goblin!
You kill the goblin!
You closely miss something. Something hits you!
* * * LOW HITPOINT WARNING * * *
Unknown command.
Things that are here:
a +0 dagger; a +0 sling; a goblin corpse Unknown command.
You hit something. Something hits you.
* * * LOW HITPOINT WARNING * * *
Unknown command.
You slash something! Something hits you but does no damage.
Unknown command.
You miss something. Something hits you.
You die...

........#
#..........#
#..........# ##
#..........# #####.
#..........# ##.....
#..........###..####
#..............##
#...........####
#..@{.......#
####..!..####
#..........
####.###### #.# #.#
#.# #.#


There were no monsters in sight!

Vanquished Creatures
  2 adders (D:2)
  A worm (D:2)
  A dart slug (D:1)
  4 ball pythons
  5 endoplasms
  2 giant cockroaches
  3 hobgoblins
  5 quokkas
  3 bats (D:1)
  3 frilled lizards
  14 goblins
  9 kobolds
  A rat (D:2)
53 creatures vanquished.

Vanquished Creatures (others)
  A plant (D:1)
1 creature vanquished.

Grand Total: 54 creatures vanquished

Notes
Turn   | Place    | Note
-------+----------+-------------------------------------------
     0 | D:1      | zeram the Hill Orc Fighter began the quest for the Orb.
     0 | D:1      | Reached XP level 1. HP: 19/19 MP: 1/1
    97 | D:1      | Reached XP level 2. HP: 19/27 MP: 2/2
   374 | D:1      | Found Bituiset's Jewellery Emporium.
   433 | D:1      | Found a faded altar of an unknown god.
   684 | D:1      | Reached XP level 3. HP: 33/33 MP: 3/3
  1193 | D:2      | Reached XP level 4. HP: 40/40 MP: 4/4
  1197 | D:2      | Learned a level 3 spell: Vampiric Draining
  1801 | D:3      | Found Jourivvyo's Armour Emporium.
  2009 | D:3      | Noticed Sigmund
  2025 | D:3      | Slain by Sigmund

Illustrated notes

Levels and vault maps discovered:
D:1:      mrwooster_arrival_statue_3, layout_basic, serial_shops, shop,
          chequers_ecumenical_altar_simple, serial_bayou_lagoon_a
D:2:      layout_rooms
D:3:      layout_basic, serial_shops, nicolae_shop_trees, grunt_ministairs_10,
          uniq_sigmund

Skill      XL: |  1  2  3 |
---------------+----------+-----
Axes           | 3 4 |  4.4
Fighting       | 4 |  4.2
Armour         | |  3.9
Dodging        | |  0.5
Shields        | |  3.5

Action                   |  1- 3 |  4- 6 || total
-------------------------+-------+-------++-------
Melee: War axe           |   105 |    60 ||   165
  Use: Scroll            |       |     7 ||     7
       Potion            |       |     1 ||     1
Armor: Scale mail        |    59 |    26 ||    85
Dodge: Dodged            |    60 |    23 ||    83
Block: Buckler           |    24 |    16 ||    40
